Unix NetHack Version 5.0.0-0 post-release - last build Jun 10 2026 00:39:30 (3ee93aec679c4c4259841fe613dc97188e26a321,branch:main).

Game began 2026-06-21 22:45:03, ended 2026-06-21 23:26:32.

IanCurtis, chaotic male elven Wizard

                                 a@""######################     ------------
                          --------------------------------######...........|
                          |..............................|#     |..........|
                          |.-----------.......--------...|#     |...<......|
                          |.|  |(((|..|.------|  |+++|...|#     |..........|
                          |.+  |(((|..|.|.....|  |+++|...|##    ...........|
                          |.---|...|-|-.|..%..||-|...|...|#     |..........|
                          |....--|--....|.....|..--|--...|#     ------------
                          |.............|.....|..........|#
                          |...........{.-|-----.{........|#
                          |...............................#
                          |...---|-+--...........---|-...|#     ---------
                          |...|...|  ----.-------|...|...|####  |*......|
                          |...|!"!|     -.+      |(((|...|######........|
                          |...|+=[|---  |.|      |((+|...|##    |.......|
                          |...-----..----.------+-----...|#     ---------
                          |..............................|#
                          --------------------------------#

IanCurtis the Thaumaturge  St:11 Dx:15 Co:13 In:19 Wi:11 Ch:9  Chaotic
Dlvl:6  $:24 HP:0(32) Pw:53(68) AC:7  Xp:6 T:2387 

Latest messages:
 You see here a pick-axe.
 d - a pick-axe.
 You stop.  The watchman is in the way!
 You swap places with the peaceful watch captain.
 The white unicorn vanishes!
 The white unicorn butts!
 The white unicorn kicks!
 You are beginning to feel hungry.
 You stop searching.
 You feel tough!
 You must have been leading a healthy life-style.
 You swap places with the peaceful watch captain.
 Please move the cursor to a monster, object or location.
 (For instructions type a '?')
 In what direction? h
 The spell hits the floating eye!
 You kill the floating eye!
 You find a hidden passage.
 You hit the gnome!
 You kill the gnome!
 You see here a sky blue potion.
 You kill the cave spider!
 What do you want to eat? [zCE or ?*] y
 You cannot eat that!
 P - a sky blue potion.
 You stumble into a spider web!
 What do you want to eat? [zCE or ?*] ?
 My, this is a yummy slime mold!
 You are stuck to the web.
 You are stuck to the web.
 You are stuck to the web.
 You disentangle yourself.
 You stumble into a spider web!
 You are stuck to the web.
 You are stuck to the web.
 You are stuck to the web.
 You are stuck to the web.
 You disentangle yourself.
 In what direction? h
 The spell misses the giant beetle.
 The giant beetle bites!
 In what direction? h
 The spell misses the giant beetle.
 The giant beetle bites!
 In what direction? h
 The spell hits the giant beetle!
 The giant beetle bites!
 You die...
 Do you want your possessions identified? [ynq] (y) y
 Do you want to see your attributes? [ynq] (y) q

Inventory:
 Coins    ('$')
  $ - 24 gold pieces
 Weapons  (')')
  F - 3 +0 arrows
  A - 11 +0 crossbow bolts
  a - a blessed +1 quarterstaff (weapon in hands)
 Armor    ('[')
  u - an uncursed +1 pair of kicking boots (being worn)
  b - an uncursed +0 cloak of magic resistance (being worn)
 Comestibles  ('%')
  C - an uncursed food ration
  z - an uncursed pancake
 Scrolls  ('?')
  o - an uncursed scroll of fire
  i - an uncursed scroll of food detection
  j - 2 uncursed scrolls of teleportation
 Spellbooks  ('+')
  l - an uncursed spellbook of cure sickness
  v - an uncursed spellbook of cure sickness
  J - a blessed spellbook of force bolt
 Potions  ('!')
  B - an uncursed potion of full healing
  g - a blessed potion of invisibility
  P - an uncursed potion of paralysis
  h - an uncursed potion of restore ability
  f - an uncursed potion of water
 Rings    ('=')
  s - an uncursed ring of cold resistance
  e - an uncursed +1 ring of gain constitution
  x - an uncursed ring of polymorph control
  p - an uncursed ring of slow digestion
  G - an uncursed ring of teleportation
 Wands    ('/')
  D - a wand of magic missile (0:3)
  c - a wand of undead turning (0:8)
 Tools    ('(')
  n - an uncursed tooled horn
  m - a magic marker (0:22)
  y - an uncursed magic whistle named magic
  d - a +0 pick-axe
  k - an uncursed skeleton key

IanCurtis the Wizard's attributes:

Background:
 You were a Thaumaturge, a level 6 male elven Wizard.
 You were chaotic, nominally on a mission for Anhur
 who was opposed by Ptah (lawful) and Thoth (neutral).
 You were right-handed.
 You were in the Gnomish Mines, on level 6.
 You entered the dungeon 2387 turns ago.
 It was nighttime.
 You had 362 experience points, 278 more were needed to attain level 7.

Basics:
 You had 0 out of 32 hit points.
 You had 53 out of 68 energy points (spell power).
 Your armor class was 7.
 Your wallet contained 24 zorkmids.
 Autopickup was off.

Final Characteristics:
 Your strength was 11 (limit:18).
 Your dexterity was 15 (limit:18).
 Your constitution was 13 (limit:16).
 Your intelligence was 19 (limit:20).
 Your wisdom was 11 (limit:20).
 Your charisma was 9 (limit:18).

Final Status:
 You weren't hungry.
 You were unencumbered.
 You were wielding a quarterstaff.
 You had basic skill with quarterstaff.

Final Attributes:
 You were piously aligned.
 You were magic-protected.
 You were sleep resistant.
 You had infravision.
 You were warded.
 You were unlucky.
 You are dead.

Miscellaneous:
 You didn't encounter any bones levels.
 Total elapsed playing time was 41 minutes and 29 seconds.

Major events:
 Turn
    1: IanCurtis the chaotic male elven Wizard entered the dungeon
  880: entered the Gnomish Mines
  919: attained the rank of Conjurer (level 3)
 1980: reached Mine Town
 2046: attained the rank of Thaumaturge (level 6)
 2387: killed by a giant beetle

Spells:
 Name                 Level Category     Fail Retention
 force bolt             1   attack         0%   81%-90%
 cure sickness          3   healing       68%  76%-100%

Skills:
 Fighting Skills
   bare handed combat [Unskilled]
   riding             [Unskilled]
 Weapon Skills
   dagger             [Unskilled]
   knife              [Unskilled]
   axe                [Unskilled]
   short sword        [Unskilled]
   club               [Unskilled]
   mace               [Unskilled]
   quarterstaff       [Basic]
   polearms           [Unskilled]
   spear              [Unskilled]
   trident            [Unskilled]
   sling              [Unskilled]
   dart               [Unskilled]
   shuriken           [Unskilled]
 Spellcasting Skills
   attack spells      [Basic]
   healing spells     [Unskilled]
   divination spells  [Unskilled]
   enchantment spells [Basic]
   clerical spells    [Unskilled]
   escape spells      [Unskilled]
   matter spells      [Unskilled]

Voluntary challenges:
 Character rerolling was not enabled.
 You were an atheist.
 You never genocided any monsters.
 You never polymorphed an object.
 You never changed form.
 You used no wishes.
Achievements:
 You entered a shop.
 You entered the Gnomish Mines.
 You attained the rank of Conjurer.
 You entered Minetown.
 You entered a temple.
 You attained the rank of Thaumaturge.

 The Dungeons of Doom: levels 1 to 2
    Level 1:
    Level 2:
       A ring shop.
       Stairs down to The Gnomish Mines.
 The Gnomish Mines: levels 3 to 6
    Level 3:
    Level 4:
    Level 5:
    Level 6: <- You were here.
       Many shops, a temple and an altar, some fountains.
       Final resting place for
          you, killed by a giant beetle.


Vanquished creatures:
  a water nymph
  a mountain nymph
  2 gnome leaders
  3 gnomish wizards
  a floating eye
  a kitten
  4 dwarves
 an iguana
 an acid blob
  a large kobold
  a giant rat
  4 cave spiders
 24 gnomes
  6 jackals
  a kobold
  a goblin
  a sewer rat
  2 grid bugs
  a lichen
  a kobold zombie
  a newt
59 creatures vanquished.

No species were genocided or became extinct.

Game over:
                       ----------
                      /          \
                     /    REST    \
                    /      IN      \
                   /     PEACE      \
                  /                  \
                  |    IanCurtis     |
                  |      24 Au       |
                  |   killed by a    |
                  |   giant beetle   |
                  |                  |
                  |                  |
                  |       2026       |
                 *|     *  *  *      | *
        _________)/\\_//(\/(/\)/\//\/|_)_______

Goodbye IanCurtis the Wizard...

You died in The Gnomish Mines on dungeon level 6 with 1720 points,
and 24 pieces of gold, after 2387 moves.
You were level 6 with a maximum of 32 hit points when you died.

